 Dungeon Crawl Stone Soup version 0.21-a0-227-g58a7c62 (webtiles) character file.

23 Pippin the Skirmisher (level 3, 0/24 HPs)
             Began as a Gargoyle Wanderer on Aug 31, 2017.
             Slain by a gnoll
             ... wielding a +2 halberd of venom
              (1 damage)
             ... on level 2 of the Dungeon.
             The game lasted 00:01:10 (366 turns).

Pippin the Skirmisher (Gargoyle Wanderer)            Turns: 366, Time: 00:01:11

Health: 0/24       AC: 11    Str: 17    XL:     3   Next: 0%
Magic:  3/3        EV:  9    Int:  9    God:
Gold:   48         SH:  0    Dex: 11    Spells: 2/2 levels left

rFire    . . .     SeeInvis .   c - +0 hand crossbow
rCold    . . .     Gourm    .   (no shield)
rNeg     + . .     Faith    .   a - +2 scale mail
rPois    ∞         Spirit   .   (no helmet)
rElec    +         Reflect  .   (no cloak)
rCorr    .         Harm     .   (no gloves)
MR       .....                  (no boots)
Stlth    ..........             (no amulet)
HPRegen  0.08/turn              (no ring)
MPRegen  0.08/turn              (no ring)

@: no status effects
A: negative energy resistance 1, electricity resistance, unbreathing,
petrification resistance, rot immunity, AC +3
a: no special abilities


You were on level 2 of the Dungeon.
You were not hungry.

You visited 1 branch of the dungeon, and saw 2 of its levels.

You collected 48 gold pieces.

Inventory:

Hand Weapons
 c - a +0 hand crossbow (weapon)
Missiles
 d - 23 bolts (quivered)
Armour
 a - a +2 scale mail (worn)
Jewellery
 g - an uncursed amulet of rage {unknown}
Scrolls
 i - a scroll of remove curse {unknown}
 j - a scroll of enchant weapon {unknown}
Potions
 b - 3 potions of lignification
 e - a potion of flight {unknown}
 h - a potion of degeneration {unknown}
Comestibles
 f - 2 bread rations
 k - a royal jelly
 l - a meat ration


   Skills:
 + Level 3.7 Fighting
   Level 1.0 Bows
 - Level 3.0 Crossbows
 - Level 1.0 Throwing
 - Level 2.1 Armour
 - Level 1.1 Stealth


You had 2 spell levels left.
You didn't know any spells.

Dungeon Overview and Level Annotations

Branches:
Dungeon (1/15)

Altars:
Xom


Innate Abilities, Weirdness & Mutations

You are resistant to torment.
Your stone body is resilient. (AC +3)
You are immune to poison.
You resist negative energy. (rN+)
You are resistant to electric shocks. (rElec)
You can survive without breathing.
You are immune to petrification.
You are immune to rotting.


Message History

Firing (i - inventory):
d - 26 bolts (quivered)
Press: ? - help, Shift-Dir - straight line, f/p - gnoll
Aim: a gnoll, wielding a halberd of venom You shoot a bolt.
The bolt hits the gnoll.
The gnoll is heavily wounded.
The gnoll barely misses you. x2
Firing (i - inventory):
d - 25 bolts (quivered)
Press: ? - help, Shift-Dir - straight line, f/p - gnoll
Aim: a gnoll, wielding a halberd of venom (heavily wounded)
You shoot a bolt. The bolt hits the gnoll.
The gnoll is almost dead.
The gnoll barely misses you.
The gnoll hits you from afar with a halberd.
* * * LOW HITPOINT WARNING * * *
Firing (i - inventory):
d - 24 bolts (quivered)
Press: ? - help, Shift-Dir - straight line, f/p - gnoll
Aim: a gnoll, wielding a halberd of venom (almost dead)
You shoot a bolt. The bolt closely misses the gnoll.
The gnoll hits you from afar with a halberd of venom.
You die...

.....# .....# .....#
.....# .....# ###
..)..# #?.
.....####### #.#####.
......†....#
###.#(.((.
####.....(.####.@(g(#
...........+......g.#
...........####....<#
.....####### #.....#
.....# #.....# .....#
#.....# .....#
#####.# .....# #.#
###### #.#


You could see 2 gnolls.

Vanquished Creatures
  A gnoll (D:2)
  A worm (D:2)
  2 bats (D:2)
  A giant cockroach (D:2)
  A goblin (D:2)
  2 hobgoblins
  2 kobolds (D:2)
  A rat (D:1)
11 creatures vanquished.

Notes
Turn   | Place    | Note
-------+----------+-------------------------------------------
     0 | D:1      | Pippin the Gargoyle Wanderer began the quest for the Orb.
     0 | D:1      | Pippin set off with: a +2 scale mail, a potion of lignification, a +0 hand crossbow, 24 bolts, a bread ration
     0 | D:1      | Reached XP level 1. HP: 12/12 MP: 1/1
    24 | D:1      | Found a shimmering altar of Xom.
   121 | D:1      | You fall through a shaft!
   202 | D:2      | Reached XP level 2. HP: 18/18 MP: 2/2
   362 | D:2      | Reached XP level 3. HP: 12/24 MP: 3/3
   365 | D:2      | HP: 1/24 [gnoll/halberd (6)]
   366 | D:2      | Slain by a gnoll

Vault maps used:
D:1:      dpeg_arrival_prison, xom_teletrap_fun
D:2:      lemuel_round_altar, first_bread

Skill      XL: |  1  2 |
---------------+-------+-----
Fighting       | 3 |  3.7
Bows           | |  1.0
Crossbows      | |  3.0
Throwing       | |  1.0
Armour         | |  2.1
Stealth        | |  1.1

Action                   || total
-------------------------++-------
 Fire: Hand crossbow     ||    40
Armor: Scale mail        ||     6
Dodge: Dodged            ||    10

Table legend:
 A = Spawn XP
 B = Non-spawn XP
 C = Spawn XP percentage of total XP
 D = Spawn monster count
 E = Non-spawn monster count
 F = Spawn count percentage of total count
 G = Total turns spent on level
                    A         B        C        D         E        F      G
               +---------+---------+-------+---------+---------+-------+---------
         Total |       0 |      34 |   0.0 |       0 |      11 |   0.0 |   366
               +---------+---------+-------+---------+---------+-------+---------
           D:1 |       0 |       3 |   0.0 |       0 |       2 |   0.0 |   121
           D:2 |       0 |      31 |   0.0 |       0 |       9 |   0.0 |   245
               +---------+---------+-------+---------+---------+-------+---------
